 Dungeon Crawl Stone Soup version 0.30-a0-4-ga7cffc901d (webtiles) character file.

Game seed: 10151998821814907648

12 drpainis the Conjurer (level 2, 0/13 HPs)
             Began as a Spriggan Conjurer on Aug 21, 2022.
             Slain by a jackal (2 damage)
             ... on level 1 of the Dungeon.
             The game lasted 00:01:14 (307 turns).

drpainis the Conjurer (Spriggan Conjurer)            Turns: 307, Time: 00:01:15

Health: 0/13       AC:  2    Str:  3    XL:     2   Next: 20%
Magic:  1/6        EV: 17    Int: 19    God:
Gold:   0          SH:  0    Dex: 13    Spells: 5/6 levels left

rFire   . . .      SeeInvis +    (weapon restricted)
rCold   . . .      Faith    .    (no shield)
rNeg    . . .      Spirit   .    a - +0 robe
rPois   .          Reflect  .    (helmet restricted)
rElec   .          Harm     .    (no cloak)
rCorr   .          Rampage  .    (gloves unavailable)
Will    .....                    (boots unavailable)
Stlth   ++........               (no amulet)
HPRegen 0.04/turn                (no ring)
MPRegen 0.10/turn                (no ring)

@: very quick
A: very small, no large weapons, unfitting armour, see invisible, speed 3
a: no special abilities


You were on level 1 of the Dungeon.
You visited 1 branch of the dungeon, and saw 1 of its levels.

Inventory:

Armour
 a - a +0 robe (worn)
Potions
 b - a potion of magic


   Skills:
 + Level 2.8 Dodging
 + Level 3.2 Stealth
 + Level 2.8 Spellcasting
 + Level 3.2 Conjurations


You had 5 spell levels left.
You knew the following spells:

 Your Spells              Type           Power      Damage    Failure   Level
a - Magic Dart            Conj           60%        1d6       4%          1

Your spell library contained the following spells:

 Spells                   Type           Power      Damage    Failure   Level
 Searing Ray              Conj           30%        2d5       6%          2
 Dazzling Flash           Conj/Hex       16%        N/A       24%         3
 Fulminant Prism          Conj/Hex       4%         3d6       61%         4
 Iskenderun's Mystic Bla  Conj/Tloc      8%         2d4       61%         4


Dungeon Overview and Level Annotations

Branches:
Dungeon (1/15)

Altars:


Innate Abilities, Weirdness & Mutations

You are very small and have problems with some larger weapons.
You are too small for most types of armour.
You have supernaturally acute eyesight. (SInv)
You cover ground extremely quickly. (Speed+++)


Message History

Casting: Magic Dart (safe; 4% risk of failure)
Confirm with . or Enter, or press ? or * to list all spells.
Aiming: Magic Dart (safe; 4% risk of failure)
Press: ? - help, Shift-Dir - straight line, f/p - jackal
Aim: a jackal (heavily wounded, 100% to hit)
The magic dart hits the jackal.
You kill the jackal!
Casting: Magic Dart (safe; 4% risk of failure)
Confirm with . or Enter, or press ? or * to list all spells.
Aiming: Magic Dart (safe; 4% risk of failure)
Press: ? - help, Shift-Dir - straight line, f - jackal
Aim: a jackal (100% to hit)
The magic dart hits the jackal.
The jackal is moderately wounded.
The jackal bites you.
Casting: Magic Dart (safe; 4% risk of failure)
Confirm with . or Enter, or press ? or * to list all spells.
Aiming: Magic Dart (safe; 4% risk of failure)
Press: ? - help, Shift-Dir - straight line, f/p - jackal
Aim: a jackal (moderately wounded, 100% to hit)
The magic dart hits the jackal.
The jackal is severely wounded.
The jackal barely misses you.
You closely miss the jackal.
The jackal bites you but does no damage.
The jackal barely misses you. The jackal closely misses you.
The jackal completely misses you.
Your magical contamination has completely faded away.
Casting: Magic Dart (safe; 4% risk of failure)
Confirm with . or Enter, or press ? or * to list all spells.
You don't have enough magic to cast this spell.
Unknown command.
The jackal bites you. The jackal closely misses you. The jackal misses you.
The jackal misses you. The kobold hits you with a +0 whip.
The jackal bites you.
* * * LOW HITPOINT WARNING * * *
You closely miss the kobold. The jackal closely misses you.
The kobold completely misses you. The jackal bites you.
You die...

.....#~~~.......~~~#
.J...#≈P.8..<..8.P~#
##Kh.#~~~.......~~~#
#...##≈~P..8..P~≈###
#....##≈≈~.P.~≈≈##.#
#..h..##≈~~.~≈≈##..#
#......###8'8###...#
#.....#####.###hh..#
#.............K@####
#.....###########
#######


You could see 2 jackals and a kobold.

Vanquished Creatures
  A goblin (D:1)
  A hobgoblin (D:1)
  4 jackals (D:1)
  4 bats (D:1)
  A frilled lizard (D:1)
  A rat (D:1)
12 creatures vanquished.

Vanquished Creatures (others)
  A plant (D:1)
1 creature vanquished.

Grand Total: 13 creatures vanquished

Notes
Turn   | Place    | Note
-------+----------+-------------------------------------------
     0 | D:1      | drpainis the Spriggan Conjurer began the quest for the Orb.
     0 | D:1      | Reached XP level 1. HP: 9/9 MP: 5/5
   225 | D:1      | Reached XP level 2. HP: 13/13 MP: 2/6
   307 | D:1      | Slain by a jackal

Illustrated notes

Levels and vault maps discovered:
D:1:      lightli_arrival_statuegarden, layout_rooms, corexii_leaking_fountain

Skill      XL: |  1 |
---------------+----+-----
Conjurations   | 3 |  3.2
Dodging        | |  2.8
Stealth        | |  3.2
Spellcasting   | |  2.8

Action                   || total
-------------------------++-------
Melee: Unarmed           ||     6
       Punch             ||     1
 Cast: Magic Dart        ||    23
Armor: Robe              ||     2
Dodge: Dodged            ||    18

Table legend: (Time is in decaauts)
 A = Elapsed time spent in this place.
 B = Non-inter-level travel time spent in this place.
 C = Inter-level travel time spent in this place.
 D = Time resting spent in this place.
 E = Time spent auto-exploring this place.
 F = Levels seen in this place.
 G = Mean time per level.
                   A        B        C        D        E       F      G
               +--------+--------+--------+--------+--------+-----+--------+
         Total |    231 |    231 |      0 |     78 |      4 |   1 |  231.0 |
       Dungeon |    231 |    231 |      0 |     78 |      4 |   1 |  231.0 |
               +--------+--------+--------+--------+--------+-----+--------+

Top non-repeatable levels by time:
     D:1: 231 daAuts
